 Dungeon Sprint DCSS version 0.28-a0-206-gc2c9e32840 (webtiles) character file.

Game seed: 15177623420455880085

51 MikeHunt the Magician (level 4, -1/35 HPs)
             Began as a Djinni Necromancer on Aug 20, 2021.
             Slain by a phantom (7 damage)
             ... in the Dungeon (Sprint IX: "|||||||||||||||||||||||||||||").
             The game lasted 00:01:30 (425 turns).

MikeHunt the Magician (Djinni Necromancer)           Turns: 425, Time: 00:01:31

Health: -1/35      AC:  2    Str:  7    XL:     4   Next: 5%
Gold:   0          EV: 13    Int: 18    God:
                   SH:  0    Dex: 13

rFire   + + .      SeeInvis .   g - +0 spear
rCold   x . .      Faith    .   (no shield)
rNeg    . . .      Spirit   .   a - +0 robe
rPois   ∞          Reflect  .   (no helmet)
rElec   .          Harm     .   (no cloak)
rCorr   .          Rampage  .   (no gloves)
Will    .....      NoTele   +   (boots unavailable)
Stlth   ++........              (no amulet)
HPRegen 0.11/turn               (no ring)
MPRegen 0.00/turn               (no ring)

@: flying
A: sickness immunity, fire resistance 2, cold vulnerability 1, float, innate
caster, hp casting, extra vitality 1
a: no special abilities


You were in the Dungeon.
You visited 1 branch

Inventory:

Hand Weapons
 g - a +0 spear (weapon)
Armour
 a - a +0 robe (worn)
Scrolls
 f - a scroll of blinking
Potions
 b - a potion of curing
 c - a potion of heal wounds
 d - a potion of haste
 e - a potion of berserk rage


   Skills:
 + Level 3.4 Fighting
 - Level 3.6 Dodging
 - Level 2.9 Stealth
 + Level 4.8 Spellcasting


You couldn't memorise any spells.
You knew the following spells:

 Your Spells              Type           Power      Damage    Failure   Level
a - Agony                 Necr           21%        N/A       45%         5
b - Animate Skeleton      Necr           42%        N/A       1%          1
c - Vampiric Draining     Necr           10%        2d7       5%          3
d - Animate Dead          Necr           10%        N/A       19%         4
e - Pain                  Necr           84%        1d8       1%          1
f - Shock                 Conj/Air       84%        1d8       1%          1
Your spell library was empty.

Dungeon Overview and Level Annotations

Branches:
Dungeon (1/1)

Altars:


Innate Abilities, Weirdness & Mutations

You are immune to sickness and miasma.
You are immune to poison.
Your flesh is very heat resistant. (rF++)
You are vulnerable to cold. (rC-)
You float through the air rather than walking.
You learn spells naturally, not from books.
Your magical power is your life essence.
You have superior vitality. (+4 HP)


Message History

The zap hits the phantom.
The phantom is moderately damaged.
The zap hits the hound.
The hound is moderately wounded.
* * * LOW HITPOINT WARNING * * *
Your Fighting skill increases to level 3!
You have reached level 4!
You feel clever.
Casting: Shock (safe; 1% risk of failure)
Confirm with . or Enter, or press ? or * to list all spells.
Aiming: Shock (safe; 1% risk of failure)
Press: ? - help, Shift-Dir - straight line, f - phantom
Aim: a phantom (moderately damaged, 64% to hit)
The zap hits the phantom but does no damage.
The phantom is moderately damaged.
The zap misses the hound.
* * * LOW HITPOINT WARNING * * *
The phantom barely misses you.
Casting: Shock (safe; 1% risk of failure)
Confirm with . or Enter, or press ? or * to list all spells.
Aiming: Shock (safe; 1% risk of failure)
Press: ? - help, Shift-Dir - straight line, f/p - phantom
Aim: a phantom (moderately damaged, 64% to hit)
The zap hits the phantom.
The phantom is moderately damaged.
The zap misses the hound.
* * * LOW HITPOINT WARNING * * *
The phantom misses you.
Casting: Shock (safe; 1% risk of failure)
Confirm with . or Enter, or press ? or * to list all spells.
Aiming: Shock (safe; 1% risk of failure)
Press: ? - help, Shift-Dir - straight line, f/p - phantom
Aim: a phantom (moderately damaged, 64% to hit)
The zap hits the phantom.
The phantom is heavily damaged.
The zap hits the hound.
The hound is moderately wounded.
* * * LOW HITPOINT WARNING * * *
The phantom hits you!
You die... ▓▓▓▓▓▓▓▓▓▓▓▓▓▓▓▓▓▓ +.Z.h.'))..hW@..<▓ ▓▓▓▓▓▓▓▓▓▓▓▓▓▓▓▓▓▓

You could see a phantom and a hound.

Vanquished Creatures
  An iguana (D)
  A gnoll (D)
  An adder (D)
  A bat zombie (D)
  2 goblins (D)
  A frilled lizard (D)
  A rat (D)
8 creatures vanquished.

Notes
Turn   | Place    | Note
-------+----------+-------------------------------------------
     0 | D        | MikeHunt the Djinni Necromancer began the quest for the
                  | Orb.
     0 | D        | Reached XP level 1. HP: 15/15 MP: 0/0
    12 | D        | Reached XP level 2. HP: 5/21 MP: 0/0
   290 | D        | Noticed a phantom
   416 | D        | Reached skill level 4 in Spellcasting
   416 | D        | Reached XP level 3. HP: 19/29 MP: 0/0
   416 | D        | Learned a level 1 spell: Shock
   423 | D        | Reached XP level 4. HP: 8/35 MP: 0/0
   425 | D        | Slain by a phantom

Illustrated notes

Levels and vault maps discovered:
D:        linesprint [early_d, line_temple, items_1, d_10, items_2, lair_1,
          lair_end, items_3, orc_1, orc_end, items_4, d_15, swamp_1, shoals_1,
          snake_1, spider_1, d_20, vaults_1, items_5, swamp_end, shoals_end,
          snake_end, spider_end, vaults_end, d_27, items_6, zot_1, zot_end,
          crypt_end, forest_end, elf_end, slime_end, tomb_end, abyss_end,
          pan_hell_end]

Skill      XL: |  1  2  3 |
---------------+----------+-----
Stealth        | 2 |  2.9
Dodging        | 3 |  3.6
Fighting       | 2 3 |  3.4
Spellcasting   | 4 |  4.8

Action                   |  1- 3 |  4- 6 || total
-------------------------+-------+-------++-------
 Cast: Pain              |    14 |       ||    14
       Animate Skeleton  |     4 |       ||     4
       Shock             |     5 |     3 ||     8
Dodge: Dodged            |     8 |     2 ||    10

Table legend: (Time is in decaauts)
 A = Elapsed time spent in this place.
 B = Non-inter-level travel time spent in this place.
 C = Inter-level travel time spent in this place.
 D = Time resting spent in this place.
 E = Time spent auto-exploring this place.
 F = Levels seen in this place.
 G = Mean time per level.
                   A        B        C        D        E       F      G
               +--------+--------+--------+--------+--------+-----+--------+
         Total |    424 |    424 |      0 |    361 |      0 |   1 |  424.0 |
       Dungeon |    424 |    424 |      0 |    361 |      0 |   1 |  424.0 |
               +--------+--------+--------+--------+--------+-----+--------+

Top non-repeatable levels by time:
       D: 424 daAuts
